 Dungeon Crawl Stone Soup version 0.31.0-11-ge490571c62 (webtiles) character file.

Game seed: 6166566985390275898

163 qw the Ducker (level 5, -1/26 HPs)
             Began as a Spriggan Hunter on Feb 3, 2024.
             Slain by an orc
             ... wielding a +0 war axe
              (6 damage)
             ... on level 3 of the Dungeon.
             The game lasted 00:00:10 (2489 turns).

qw the Ducker (Spriggan Hunter)                     Turns: 2489, Time: 00:00:11

Health: -1/26      AC:  3    Str:  7    XL:     5   Next: 20%
Magic:  6/6        EV: 20    Int: 11    God:
Gold:   167        SH:  0    Dex: 20    Spells: 4/4 levels left

rFire   . . .        a - +0 shortbow
rCold   . . .        (shield currently unavailable)
rNeg    . . .        c - +0 robe
rPois   .            (helmet restricted)
rElec   .            f - +0 cloak
rCorr   .            (gloves unavailable)
SInv    +            (boots unavailable)
Will    .....        (no amulet)
Stlth   ++           (no ring)
HPRegen 0.24/turn    (no ring)
MPRegen 0.10/turn

%: no passive effects
@: very quick
A: very small, no large weapons, unfitting armour, see invisible, speed 3
a: no special abilities


You were on level 3 of the Dungeon.
You visited 1 branch of the dungeon, and saw 4 of its levels.

You collected 167 gold pieces.


Innate Abilities, Weirdness & Mutations

You are very small and have problems with some larger weapons.
You are too small for most types of armour.
You have supernaturally acute eyesight. (SInv)
You cover ground extremely quickly. (Speed+++)


   Skills:
 - Level 2.0 Fighting
 + Level 5.2 Ranged Weapons
 - Level 5.4 Dodging
 - Level 1.5 Stealth


You had 4 spell levels left.
You didn't know any spells.
Your spell library was empty.

Inventory:

Hand Weapons
 a - a +0 shortbow (weapon)
Armour
 c - a +0 robe (worn)
 f - a +0 cloak (worn)
Wands
 b - a wand of flame (14)
Potions
 d - a potion of might {unknown}
 e - a potion of heal wounds {unknown}
 h - 3 potions of curing

Dungeon Overview and Level Annotations

Branches:
Dungeon (4/15)
 Temple: D:4-7

Altars:

Shops:
D:1 !


Message History

You climb downwards.
The scorpion closely misses you.
An orc comes into view. It is wielding a +0 dagger.
The orc barely misses you. The orc wizard casts a spell at you.
The puff of flame hits you. The scorpion misses you.
There is a stone staircase leading up, spattered with blood here.
2483 ||| STAIRDANCE The orc wizard misses you.
The orc misses you. The scorpion barely misses you.
You climb upwards.
There is a stone staircase leading down here.
You shoot an arrow. The arrow barely misses the orc wizard.
The orc hits you with a +0 war axe.
The orc wizard hits you with a +0 dagger.
The scorpion stings you but does no damage.
The orc misses you.
The orc wizard gestures at you while chanting.
You easily resist.
You shoot an arrow.
The arrow closely misses the orc wizard.
The scorpion completely misses you.
The orc wizard hits you with a +0 dagger.
The orc hits you with a +0 war axe! The scorpion completely misses you.
You shoot an arrow. The arrow hits the orc wizard.
The orc wizard is heavily wounded.
The scorpion completely misses you.
The orc wizard gestures wildly while chanting.
The orc wizard flickers and vanishes for a moment.
The orc completely misses you.
You shoot an arrow.
The arrow hits the orc wizard but does no damage.
The orc wizard is heavily wounded.
The scorpion barely misses you.
The orc wizard points at you and mumbles some strange words.
You easily resist.
The orc completely misses you.
You shoot an arrow.
The arrow completely misses the orc wizard.
The scorpion misses you.
The orc wizard hits you with a +0 dagger.
The orc hits you with a +0 war axe.
You die...

##...##...## ######
##..........###....########
#............##....##.....#
#...<.[......##....##.....#
#............##....##.....#
####).<)......###....#......#
.............## #....#......#
#########.#######(...[......#
###### #.#####.@o....##.####
.....####......o[s.<.###.#
####..##...#####)...)....# #
##.....## ##.#.#.....# ##
#####.# ###..........# .# #.#
#...##.##..#.# .########.#
#...##.##.##.#
.......##.####..##.##.##.#
.......##.#.....##.##.##.#


You could see a scorpion, an orc wizard (invisible) and an orc.

Vanquished Creatures
  2 orc wizards
  3 adders
  A ribbon worm (D:2)
  A dart slug (D:2)
  8 orcs
  6 endoplasms
  3 giant cockroaches
  4 goblins
  4 hobgoblins
  7 jackals
  3 kobolds
  5 quokkas
  6 ball pythons
  8 bats
  A frilled lizard (D:2)
  10 rats
72 creatures vanquished.

Vanquished Creatures (others)
  A kobold (D:4)
1 creature vanquished.

Grand Total: 73 creatures vanquished

Notes
Turn   | Place    | Note
-------+----------+-------------------------------------------
     0 | D:1      | qw the Spriggan Hunter began the quest for the Orb.
     0 | D:1      | Reached XP level 1. HP: 10/10 MP: 2/2
     0 | D:1      | 0 ||| qw: Version: 0.3-a-157-g843a77d
     0 | D:1      | 0 ||| qw: Game counter: 3910
     0 | D:1      | 0 ||| qw: Melee chars always use a shield: true
     0 | D:1      | 0 ||| qw: God list: Okawaru
     0 | D:1      | 0 ||| qw: Allow faded altars: false
     0 | D:1      | 0 ||| qw: Do Orc after clearing Dungeon:15 true
     0 | D:1      | 0 ||| qw: Do second Lair branch before Depths: true
     0 | D:1      | 0 ||| qw: Lair rune preference: random
     0 | D:1      | 0 ||| qw: Goals: Normal
     0 | D:1      | 0 ||| PLANNING D:1-11
    12 | D:1      | Found Dabusi Dedu's Distillery.
    20 | D:1      | 20 ||| SHOPLISTING potion of cancellation (112 gold, have
                  | 0).
    20 | D:1      | 20 ||| SHOPLISTING potion of heal wounds (70 gold, have 0).
    20 | D:1      | 20 ||| SHOPLISTING potion of mutation (112 gold, have 0).
    50 | D:1      | Reached skill level 3 in Dodging
   146 | D:1      | Reached XP level 2. HP: 14/14 MP: 3/3
   231 | D:1      | Found a faded altar of an unknown god.
   835 | D:1      | 835 ||| READING scroll labelled YRUOD KEPAEXZU.
   836 | D:1      | 836 ||| READING 3 scrolls labelled BOERRI YTUMUAF.
   837 | D:1      | 837 ||| READING scroll labelled TEIL DICUVOTOY.
   938 | D:1      | 938 ||| DROPPING scroll of butterflies.
   939 | D:1      | 939 ||| DROPPING 2 scrolls of noise.
   976 | D:2      | 976 ||| STAIRDANCE
   982 | D:2      | Reached XP level 3. HP: 18/18 MP: 4/4
  1654 | D:2      | Reached XP level 4. HP: 21/22 MP: 5/5
  1693 | D:2      | 1693 ||| DRINKING 3 ruby potions.
  1725 | D:3      | 1725 ||| STAIRDANCE
  1773 | D:3      | 1773 ||| STAIRDANCE
  1777 | D:2      | HP: 5/22 [poisoned by an orc wizard]
  1779 | D:2      | 1779 ||| DRINKING 2 potions of curing.
  1779 | D:2      | 1779 ||| (to cure poison)
  2156 | D:3      | Reached XP level 5. HP: 26/26 MP: 6/6
  2432 | D:3      | 2432 ||| UPGRADING to +0 cloak.
  2455 | D:4      | 2455 ||| STAIRDANCE
  2476 | D:4      | 2476 ||| STAIRDANCE
  2483 | D:4      | 2483 ||| STAIRDANCE
  2486 | D:3      | HP: 5/26 [orc/+0 war axe (9)]
  2489 | D:3      | Slain by an orc

Levels and vault maps discovered:
D:1:      saegor_arrival_simple_a, layout_basic, serial_shops,
          nicolae_shop_industrial_runoff, hellmonk_ecumenical_altar_arch_garden
D:2:      layout_basic
D:3:      layout_rooms
D:4:      layout_loops_ring, minmay_temple_entry_large_hall,
          chequers_serial_rivers_room_a, uniq_edmund, uniq_ijyb

Skill      XL: |  1  2  3  4  5 |
---------------+----------------+-----
Dodging        | 3 4 5 |  5.4
Ranged Weapons | 5 |  5.2
Fighting       | 2 |  2.0
Stealth        | |  1.5

Action                     |  1- 3 |  4- 6 || total
---------------------------+-------+-------++-------
   Fire: Shortbow          |   118 |    79 ||   197
    Use: Scroll            |     3 |       ||     3
         Potion            |       |     2 ||     2
 Armour: Robe              |    14 |    25 ||    39
  Dodge: Dodged            |    23 |    61 ||    84

Table legend:
 A = Non-vault XP
 B = Vault XP
 C = Vault XP percentage of total XP
 D = Non-vault monster count
 E = Vault monster count
 F = Vault count percentage of total count
                 A         B        C        D         E       F
            +---------+---------+-------+---------+---------+-------
      Total |     233 |       0 |   0.0 |      72 |       0 |   0.0
            +---------+---------+-------+---------+---------+-------
        D:1 |      40 |       0 |   0.0 |      26 |       0 |   0.0
        D:2 |     109 |       0 |   0.0 |      26 |       0 |   0.0
        D:3 |      81 |       0 |   0.0 |      19 |       0 |   0.0
        D:4 |       3 |       0 |   0.0 |       1 |       0 |   0.0
            +---------+---------+-------+---------+---------+-------
